Map: Blackpink LE

Players

SamuraiFunn - Winner!

  • Race: Protoss Protoss
  • Spawn Location: 7:00

A.I. 1 (Elite)

  • Race: Protoss Protoss
  • Spawn Location: 1:00

VOD

Have the link to the VOD?

Description

Time

  • Played on: Nov. 24, 2017, 3:25 p.m.
  • Length: 6:31
Show
View Real Time Build Order
Export as new Build Order

SamuraiFunn Protoss - Winner!

Build Orders: Dark Templar Rush 

Get SALT Encoding   

  12  0:00  Probe  
  13  0:13  Probe  
  14  0:21  Pylon  
  14  0:25  Probe  
  15  0:32  Assimilator  
  15  0:39  Probe  
  16  0:47  Gateway  
  16  0:51  Probe  
  17  1:03  Probe, Assimilator  
  18  1:15  Probe  
  19  1:27  Probe  
  20  1:39  Cybernetics Core  
  20  1:40  Zealot  
  20  1:44  Pylon  
  22  1:57  Nexus  
  22  1:59  Probe  
  23  2:12  Probe  
  24  2:19  Twilight Council  
  24  2:25  Probe  
  24  2:27  Pylon  
  25  2:40  Probe  
  25  2:43  Warp Gate (Chrono Boost)  
  26  3:03  Probe  
  27  3:15  Probe  
  27  3:18  Dark Shrine  
  28  3:24  Probe  
  29  3:29  Assimilator  
  29  3:31  Assimilator  
  29  3:37  Probe x2  
  31  3:45  Gateway x2  
  31  3:56  Probe x2  
  33  4:12  Gateway  
  33  4:16  Probe x2  
  35  4:25  Pylon  
  35  4:28  Probe  
  35  4:29  Probe  
  37  4:47  Dark Templar x2  
  37  4:48  Dark Templar  
  43  5:21  Dark Templar  
  43  5:22  Dark Templar x3  
  51  5:43  Pylon  
  51  5:45  Pylon  
  51  5:46  Pylon  
  51  5:47  Probe x2  
  51  5:49  Gateway  
  53  5:55  Gateway  
  53  5:59  Probe x2  
  55  6:11  Probe x2  
  57  6:14  Dark Templar x4  
Show
View Real Time Build Order
Export as new Build Order

A.I. 1 (Elite) Protoss 

Build Orders:  

Get SALT Encoding   

  12  0:00  Probe  
  13  0:13  Probe  
  14  0:20  Pylon  
  14  0:25  Probe  
  15  0:38  Probe  
  16  0:49  Assimilator  
  16  0:50  Probe  
  16  0:52  Gateway  
  17  1:00  Pylon  
  17  1:02  Probe  
  18  1:14  Probe  
  19  1:26  Probe  
  20  1:38  Probe  
  21  1:42  Gateway, Zealot  
  21  1:43  Cybernetics Core  
  23  1:50  Probe  
  24  1:56  Pylon  
  24  2:02  Probe  
  25  2:09  Zealot  
  25  2:14  Probe  
  28  2:20  Warp Gate  
  28  2:27  Probe  
  28  2:28  Adept  
  31  2:36  Adept  
  33  2:37  Gateway  
  33  2:46  Gateway  
  33  2:55  Adept  
  35  3:03  Probe, Pylon, Adept  
  38  3:23  Adept  
  38  3:24  Adept  
  42  3:30  Adept  
  42  3:33  Adept  
  46  3:34  Pylon  
  46  3:43  Twilight Council  
  46  4:05  Pylon  
  46  4:35  Assimilator  
  46  4:43  Templar Archives, Zealot  
  48  4:52  Nexus  
  48  5:20  High Templar, Probe  
  45  5:33  Probe  
  42  5:43  Zealot  
  42  5:45  Probe  
  45  5:52  Zealot  
  36  5:57  Probe  
  31  6:13  Probe  
  31  6:16  Nexus  
Tags
 
Matchup
PvP
Replay Pack
First 100 games
Spawn Locations
Cross Positions
Add a new tag
Caveats
  • Supply blocks, unpowered buildings, or Contaminate may cause inaccurate times.
  • Supply counts are checked every 10 seconds.